Cogmind - Beta 13 @@@ ROGUE MODE // 2024.04.03 @ 17:34:29 Player: lazy_engineer Result: Destroyed by G-47 Trooper with Particle Gun Performance ------------- Evolutions (0) 0 Regions Visited (2) 400 Robots Destroyed (22) 110 Value Destroyed (511) 511 Prototype IDs (0) 0 Alien Tech Used (0) 0 Bonus (0) 0 TOTAL SCORE: 1021 Bonus ------- None Cogmind --------- Core Integrity 0/250 Matter 280/300 Energy 100/100 System Corruption 1% Temperature Cool (9) Movement Treading (160) Location -10/Mines Parts ------- > --- POWER (1) -------- (None) > --- PROPULSION (2) --- Light Treads Wheel > --- UTILITY (2) ------ Small Storage Unit Transport Network Coupler > --- WEAPON (2) ------- Mining Claw > --- INVENTORY (8) ---- Ion Engine Light Nuclear Core Structural Scanner Grenade Launcher Datajack Peak State ------------ > --- POWER ------------ Ion Engine > --- PROPULSION ------- Light Treads Wheel > --- UTILITY ---------- Small Storage Unit Structural Scanner > --- WEAPON ----------- Light Assault Rifle Light Assault Rifle > --- INVENTORY -------- Light Ion Engine Light Treads Wheel Light Assault Rifle [Rating: 7] Favorites ----------- Power Ion Engine Engine Ion Engine Propulsion Light Treads Treads Light Treads Wheel Wheel Utility Small Storage Unit Device Structural Scanner Storage Small Storage Unit Processor Transport Network Coupler Weapon Light Assault Rifle Ballistic Gun Light Assault Rifle Special Weapon Mining Laser Slashing Weapon Mining Claw Build | -11 -10 -10 ------- Run | Yrd Mat Min Slots Evolved . | . . . Power . | . . . Propulsion . | . . . Utility . | . . . Weapon . | . . . Parts Attached 23 | 6 15 2 Power 2 | 1 1 . Engine 2 | 1 1 . Core . | . . . Reactor . | . . . Propulsion 8 | 2 4 2 Treads 6 | 1 3 2 Leg . | . . . Wheel 2 | 1 1 . Hover . | . . . Flight . | . . . Utility 4 | 1 3 . Device 1 | . 1 . Storage 2 | 1 1 . Processor 1 | . 1 . Hackware . | . . . Protection . | . . . Artifact . | . . . Weapon 9 | 2 7 . Energy Gun . | . . . Energy Cannon . | . . . Ballistic Gun 6 | 2 4 . Ballistic Cannon . | . . . Launcher . | . . . Special Weapon 1 | . 1 . Impact Weapon . | . . . Slashing Weapon 2 | . 2 . Piercing Weapon . | . . . Special Melee Weapon . | . . . Unidentified Prototypes . | . . . Parts Lost 6 | . 2 4 Power 1 | . . 1 Propulsion 3 | . 1 2 Utility . | . . . Weapon 2 | . 1 1 Highest Loss Streak 4 | . 1 4 To Critical Strikes . | . . . Average Slot Usage (%) 97 | . 98 91 Engine 13 | . 14 6 Treads 24 | . 24 14 Wheel 3 | . 3 14 Device 1 | . 2 . Storage 13 | . 13 14 Processor 11 | . 11 14 Ballistic Gun 19 | . 20 . Slashing Weapon 7 | . 6 28 Naked Turns . | . . . Heaviest Build 13 | 12 13 12 Greatest Support 40 | 10 40 20 Greatest Overweight (x) 1 | 1 1 1 Average Overweight (x) . | . . . Largest Inventory Capacity 8 | 8 8 8 Average Capacity 7 | 6 7 8 Most Carried 8 | 6 8 6 Average Carried 6 | 3 6 5 Final Capacity 8 | 8 8 8 Final Carried 6 | 4 6 5 Class Distribution -------------------- 88% | Mutant 11% | Scavenger-Mutant Dominant Class ---------------- Mutant | -10/Materials Mutant | -10/Mines Resources | -11 -10 -10 ----------- Run | Yrd Mat Min Matter Collected 511 | 110 401 . Remotely . | . . . Salvage Created 771 | 62 669 40 Parts 38 | 2 35 1 Haulers Intercepted 1 | . 1 . Recyclers Shooed . | . . . Parts Field Recycled . | . . . Retrieved Matter . | . . . Parts Self-Destructed . | . . . Prevented . | . . . Kills | -11 -10 -10 ------- Run | Yrd Mat Min Combat Hostiles Destroyed 18 | . 17 1 Melee 3 | . 2 1 Guns 15 | . 15 . Classes Destroyed 5 | 1 4 . Hauler 1 | . 1 . Recycler 2 | 1 1 . Watcher 1 | . 1 . Swarmer 6 | . 6 . Grunt 12 | . 11 1 Best Kill Streak 3 | 1 3 1 Combat Bots Only 3 | . 3 1 Max Kills in Single Turn 2 | 1 2 1 Gunslinging 1 | . 1 . Exploded . | . . . Melee 1 | . 1 1 Uniques/NPCs Destroyed . | . . . Combat | -11 -10 -10 -------- Run | Yrd Mat Min Hostile Shots Fired 147 | . 117 30 Missed 34 | . 29 5 Damage Taken 1262 | . 920 342 Core 252 | . 167 85 Absorbed by Shields . | . . . Regen/Repaired (Parts) 51 | . 51 . Core Remaining (%) 100 | 100 . . Volleys Fired 80 | 4 76 . Largest 2 | 2 2 . Hottest 100 | 40 100 . Shots Fired 132 | 8 124 . Gun 131 | 8 123 . Cannon . | . . . Launcher . | . . . Special 1 | . 1 . Kinetic 131 | 8 123 . Thermal 1 | . 1 . Explosive . | . . . Electromagnetic . | . . . Robot Hit Streak 23 | 2 23 . Robot Miss Streak 3 | 2 3 . Penetration Max . | . . . Secondary Targets 1 | . 1 . Max Gunslinging Chain 1 | . 1 . Shots Hit Robots 107 | 4 99 4 Core Hits 42 | 3 38 1 Critical Kills . | . . . Critical Parts Destroyed 1 | . 1 . Critical Strikes 1 | . 1 . Destroy 1 | . 1 . Melee Attacks 41 | . 23 18 Impact . | . . . Slashing 41 | . 23 18 Piercing . | . . . Sneak Attacks 1 | . 1 . Combat Hostiles . | . . . Follow-up Attacks 2 | . . 2 Damage Inflicted 1085 | 33 979 73 Guns 753 | 33 720 . Cannons . | . . . Explosions . | . . . Melee 332 | . 259 73 Ramming . | . . . Kinetic 753 | 33 720 . Thermal . | . . . Explosive . | . . . Electromagnetic . | . . . Impact . | . . . Slashing 332 | . 259 73 Piercing . | . . . Highest Corruption 1 | . 1 1 Average Corruption 1 | . 1 1 Corruption Purged . | . . . Corruption Blocked . | . . . Effects 7 | . 5 2 Message Errors 4 | . 3 1 Parts Rejected 1 | . 1 . Data Loss (minor) 1 | . 1 . Data Loss (major) 1 | . . 1 Overload Shots . | . . . Overflow Damage . | . . . Projectiles . | . . . Explosions . | . . . Melee . | . . . Knockbacks . | . . . Impact . | . . . Kinetic . | . . . Secondary . | . . . Self-Inflicted Damage . | . . . Shots . | . . . Rammed . | . . . Targets Rammed . | . . . Kicked . | . . . Crushed . | . . . Highest Temperature 27 | . 27 13 Average Temperature 8 | . 7 13 Received Heat Transfer 699 | . 486 213 Siege Activations . | . . . Robots Corrupted . | . . . Combat Hostiles . | . . . Parts Fried . | . . . Impact Corruptions . | . . . Robots Melted . | . . . Combat Hostiles . | . . . Parts Melted . | . . . Heat Transferred . | . . . Parts Sabotaged . | . . . Parts Stolen . | . . . Parts Stripped . | . . . Power Chain Reactions . | . . . Alert | -11 -10 -10 ------- Run | Yrd Mat Min Peak Influence 346 | 5 346 115 Initial 113 | . 3 113 Average 165 | 1 178 108 Maximum Alert Level 1 | . 1 . Low Security (%) 51 | 100 45 100 Level 1 48 | . 54 . Level 2 . | . . . Level 3 . | . . . Level 4 . | . . . Level 5 . | . . . High Security . | . . . Max Security . | . . . Squads Dispatched 3 | . 3 . Investigation 2 | . 2 . Extermination . | . . . Reinforcement 1 | . 1 . Assault . | . . . Garrison . | . . . Intercept . | . . . Searches Triggered . | . . . Construction Impeded . | . . . Haulers Reinforced . | . . . Active Scanning Responses . | . . . Cargo Convoy Interrupts . | . . . Stealth | -11 -10 -10 --------- Run | Yrd Mat Min Distress Signals 2 | . 2 . Communications Jammed . | . . . Distress Signals . | . . . Times Spotted 31 | . 28 3 Peak Tracking Total 4 | . 4 2 Tactical Retreats 3 | . 3 . Traps | -11 -10 -10 ------- Run | Yrd Mat Min Traps Triggered 2 | . 2 . Indirectly . | . . . Trap Hack Attempts . | . . . Triggered . | . . . Disarmed . | . . . Reprogrammed . | . . . Reused . | . . . Traps Extracted . | . . . Installed . | . . . Triggered . | . . . Machines | -11 -10 -10 ---------- Run | Yrd Mat Min Machines Disabled . | . . . Max in Single Turn . | . . . Machines Repaired . | . . . Machines Dismantled . | . . . Machines Sabotaged . | . . . Overloaded Fab Kills . | . . . Hacking | -11 -10 -10 --------- Run | Yrd Mat Min Machines Accessed 8 | . 7 1 Terminals 6 | . 5 1 Fabricators . | . . . Repair Stations 1 | . 1 . Recycling Units 1 | . 1 . Scanalyzers . | . . . Garrison Access . | . . . Total Hacks 25 | . 21 4 Successful 14 | . 12 2 Failed 11 | . 9 2 Catastrophic 1 | . 1 . Database Lockouts . | . . . Manual 14 | . 10 4 Terminals 18 | . 14 4 Fabricators . | . . . Repair Stations 4 | . 4 . Recycling Units 3 | . 3 . Scanalyzers . | . . . Garrison Access . | . . . Terminal Hacks 4 | . 3 1 Hauler Manifests 1 | . 1 . Zone Layout 3 | . 2 1 Fabricator Hacks . | . . . Repair Station Hacks 3 | . 3 . Scan Component 2 | . 2 . Repair 1 | . 1 . Recycling Unit Hacks 2 | . 2 . Report Inventory 1 | . 1 . Retrieve Components 1 | . 1 . Scanalyzer . | . . . Garrison Access Hacks . | . . . Unauthorized Hacks 5 | . 4 1 Terminals 4 | . 3 1 Track 3 | . 2 1 Operators 1 | . 1 . Fabricators . | . . . Repair Stations . | . . . Recycling Units 1 | . 1 . Tunnel 1 | . 1 . Scanalyzers . | . . . Garrison Access . | . . . Data Cores Recovered . | . . . Used . | . . . Hacking Detections 7 | . 6 1 Full Trace Events 1 | . 1 . Feedback Events . | . . . Feedback Blocked . | . . . Robot Schematics Acquired . | . . . Robots Built . | . . . Authchips . | . . . Time . | . . . Total Robot Build Rating . | . . . Part Schematics Acquired . | . . . Parts Built . | . . . Authchips . | . . . Time . | . . . Total Part Build Rating . | . . . Parts Repaired 1 | . 1 . Time 26 | . 26 . Parts Recycled . | . . . Recycled Matter . | . . . Retrieved Matter . | . . . Retrieved Components 2 | . 2 . Parts Scanalyzed . | . . . Part Schematics Acquired . | . . . Parts Damaged . | . . . Bothacking | -11 -10 -10 ------------ Run | Yrd Mat Min Used RIF Installer . | . . . Robots Hacked . | . . . Non-combat . | . . . Combat . | . . . Robot Hacks Applied . | . . . Relay Couplers Released . | . . . Fabnet Peak Effective % . | . . . Robots Rewired . | . . . Allies Hacked . | . . . Hacks Repelled . | . . . Allies | -11 -10 -10 -------- Run | Yrd Mat Min Total Allies . | . . . Largest Group . | . . . Highest-Rated Group . | . . . Highest-Rated Ally . | . . . Total Orders . | . . . Ally Attacks . | . . . Total Damage . | . . . Kills . | . . . Allies Corrupted . | . . . Allies Melted 1 | . . 1 Intel | -11 -10 -10 ------- Run | Yrd Mat Min Robot Analysis Total . | . . . Derelict Logs Recovered . | . . . Drone Launches . | . . . Drone Recoveries . | . . . Exploration | -11 -10 -10 ------------- Run | Yrd Mat Min Turns Passed 1155 | 55 1025 75 Spaces Moved 527 | 36 466 25 Core 5 | 5 . . Treads 308 | . 306 2 Legs . | . . . Wheels 214 | 31 160 23 Hover . | . . . Flight . | . . . Fastest Speed 50 | 50 95 80 Average Speed 132 | 82 137 99 Slowest Speed 160 | 95 160 160 Overloaded Moves . | . . . Propulsion Burnouts . | . . . Robots Hopped . | . . . Cave-ins Triggered . | . . . Exploration Rate (%) 25 | 3 67 6 Regions Visited 2 Branch Regions 1 Pre-discovered Areas 1 | . 1 . Known Exits Taken . | . . . Unknown Exits Taken 2 | 1 1 . Scrap Searched . | . . . Spaces Dug 3 | . 1 2 Terrain Destroyed 3 | . 1 2 Melee 2 | . . 2 Projectile 1 | . 1 . AOE . | . . . Terrain Rammed . | . . . Walls Destroyed . | . . . Machines Disabled . | . . . Actions | -11 -10 -10 --------- Run | Yrd Mat Min Total 798 | 53 700 45 Wait 106 | . 103 3 Move 525 | 35 465 25 Hop . | . . . Pick Up 19 | 8 11 . Fast Attach 5 | 2 3 . Attach 8 | 4 2 2 Detach . | . . . Swap 10 | . 10 . Drop 7 | . 7 . Fire 80 | 4 76 . Melee 38 | . 23 15 Ram . | . . . Kick . | . . . Crush . | . . . Escape Stasis . | . . . Rewire . | . . . Trap . | . . . Miscellaneous . | . . . Route ------- -11/Scrapyard -10/Materials (discovered 3 exits: [*Mat x2] / *Min) -10/Mines (discovered 1 exit: [Mat]) History --------- Turn | Location | Event 6 | -11/Scrapyard | Discovered new exit (range 15) 56 | -11/Scrapyard | Entered Materials 217 | -10/Materials | Discovered new exit (range 13) 310 | -10/Materials | Build established: Mutant 431 | -10/Materials | Repaired Sml. Storage Unit 591 | -10/Materials | Discovered new exit (range 16) 830 | -10/Materials | Core integrity fell below 50% 973 | -10/Materials | Discovered new exit (range 5) 1081 | -10/Materials | Entered Mines 1082 | -10/Mines | Assembled infested the area 1087 | -10/Mines | Assisted by a Guerilla fighting off Assembled 1087 | -10/Mines | Discovered new exit (range 15) 1141 | -10/Mines | Core integrity fell below 20% 1156 | -10/Mines | Destroyed by G-47 Trooper with Particle Gun Last Messages --------------- Tracking enabled and active. 01088_ K-01 Serf collects debris. 01090_ V1-OM9(h): "I'll hold them off! Go on ahead or try to find another way!" 01091_ K-01 Serf collects debris. 01108_ System corrupted: Substantial component data lost. 01115_ Critical hit (Burn: +37). 01119_ Lgt. Ion Engine destroyed. 01124_ 2E%<% ZH#M2FNM<6XD2QPSQTFIAV 01144_ Mining Claw follow-up attack on G-34 Mercenary. 01144_ G-34 Mercenary destroyed. 01147_ Lgt. Treads destroyed. 01152_ Mining Claw destroyed. 01154_ K-01 Serf collects debris. 01155_ G-47 Trooper Lgt. Nuclear Core ripped off. 01156_ The unstable cave ceiling collapses. Map ----- +----------------------------------------------------+ | | | | | | | | | | | | | | | | | | | | | | | | | | | | | | | | | ???????????????????????????????????????? | | ???????????????????????????????????????? | | ???????????????????????????????????????? | | ???????????????????????????????????????? | | ?????????????????????####??????????????? | | ?????????????????????# #??????????????? | | ??????????????????#### #??????????????? | | ???????????????# #####?# < #?? | | ???????????????# ##### %= #### ##?? | | ???????????????# #???# @gk #### ###??? | | ???????????????# #???# ### ### #????? | | ???????????????# #???###?# #????? | | ???????????????# ######??## ######????? | | ??????????????## #???##;#?????????? | | ?????????????? ##?########??????? | | ??????????????#%% #?# #??????? | | ??????????????# #?# #??????? | | ??????????????## "### #??????? | | ??????????????### #??????? | | ??????????????#### #??????? | | ?????????????? #?## ### # #??????? | | ?????????????? #??####?# # #??????? | | ?????????????? #???????# ####T###??????? | | ?????????????? #???????# #??###????????? | | ?????????????? #???????# #?????????????? | | ?????????????? ###???### ##????????????? | | ?????????????? # ##?## ##???????????? | | ?????????????? #?# ##??????????? | | ?????????????? ##?# ##?????????? | | ?????????????? ##??## #?????????? | | ?????????????? ##????## #?????????? | | ?????????????? #??????# #?????????? | | ?????????????? #??????## #?????????? | | ?????????????? #???????## ##?????????? | +----------------------------------------------------+ Best States ------------- Heat Dissipation 25 Energy Generation 10 Energy Capacity 250 Matter Stores 300 Matter Capacity 300 Sight Range 16 Terrain Scan Density 10 Evasion (%) 44 Recoil Reduction 2 Item Schematics ----------------- None Robot Schematics ------------------ None Fabricated ------------ Nothing Alien Tech Used ----------------- None Achievements -------------- None Challenges ------------ None Game ------ Seed MatterQuantumArchive Manual? 0 Play Time 00:15:46 Cumulative 22.0 hours Start 2024.04.03 @ 17:19:33 End 2024.04.03 @ 17:34:29 Sessions 1 Manual Loads 0 Difficulty Rogue Special Mode None Game No. 43 Rogue 43 Adventurer 0 Explorer 0 Win Type - Total 0 Types 0/0/0/0/0/0/0/0/0 Lore% 19 Gallery% 22 Achievement% 20 Wizard Run 0 Options --------- Layout 0 ASCII 0 Keyboard 0 Movement Mouse Keybinds 0 Fullscreen 1 Font 24/Smallcaps Map View 76x50 Zoom Use 0% Tactical HUD 1 Map Filters NONE Filters NONE Steam 1 RUN: 2ee01261-4ed9-4e66-b939-7299b3d1ba9b